Map: Nightshade LE

Players

Cambam - Winner!

  • Race: Zerg Zerg
  • League: Diamond
  • Spawn Location: 11:00

bnyofthevoid

  • Race: Terran Terran
  • League: Diamond
  • Spawn Location: 5:00

VOD

Have the link to the VOD?

Description

Time

  • Played on: April 21, 2020, 1:02 p.m.
  • Length: 15:27
Show
View Real Time Build Order
Export as new Build Order

Cambam Zerg - Winner!

Build Orders: Hatch First, Muta Ling Bane 

Get SALT Encoding   

  12  0:01  Drone  
  13  0:08  Drone  
  14  0:16  Overlord  
  14  0:23  Drone, Extractor  
  15  0:35  Drone x2  
  17  0:53  Hatchery  
  17  0:56  Drone  
  17  1:01  Drone  
  18  1:13  Spawning Pool  
  18  1:16  Extractor  
  18  1:17  Drone  
  17  1:20  Drone  
  18  1:28  Drone  
  19  1:40  Drone  
  20  1:49  Overlord  
  20  2:01  Zergling x2  
  21  2:04  Queen x2  
  21  2:06  Drone  
  26  2:10  Drone  
  27  2:17  Metabolic Boost  
  27  2:20  Drone  
  28  2:36  Zergling x2  
  28  2:37  Zergling x4  
  30  2:40  Queen  
  32  2:55  Drone x3  
  32  2:56  Drone  
  36  2:59  Overlord  
  36  3:14  Hatchery  
  35  3:20  Drone  
  35  3:21  Drone x5  
  41  3:30  Overlord  
  41  3:37  Drone x3  
  41  3:40  Extractor  
  43  3:51  Extractor  
  43  3:54  Drone x4  
  43  3:55  Drone x4  
  50  3:58  Extractor  
  49  4:05  Overlord  
  49  4:07  Lair  
  49  4:13  Evolution Chamber  
  49  4:15  Evolution Chamber  
  49  4:16  Baneling Nest  
  46  4:17  Drone x3  
  49  4:25  Queen  
  49  4:26  Overlord  
  49  4:27  Drone x4  
  49  4:29  Drone  
  49  4:31  Drone  
  57  4:36  Zergling x4  
  59  4:39  Zergling x2  
  59  4:43  Zerg Ground Armor Level 1  
  60  4:51  Overlord  
  60  4:52  Zergling x4  
  55  5:12  Spire  
  54  5:18  Hatchery  
  53  5:23  Spore Crawler  
  53  5:25  Spine Crawler  
  51  5:35  Drone  
  51  5:36  Drone x7  
  51  5:42  Zerg Melee Weapons Level 1  
  59  5:45  Drone  
  57  6:01  Drone x2  
  57  6:02  Drone  
  57  6:03  Drone  
  57  6:04  Drone x3  
  64  6:20  Drone x3  
  64  6:22  Drone x3  
  64  6:23  Drone  
  71  6:27  Overseer  
  71  6:30  Queen  
  71  6:31  Zerg Flyer Weapons Level 1  
  73  6:35  Centrifical Hooks  
  73  6:38  Mutalisk x3  
  79  6:42  Zerg Ground Armor Level 2  
  79  6:48  Overlord x2  
  79  7:04  Hatchery  
  79  7:05  Extractor  
  79  7:06  Drone x7, Extractor  
  79  7:07  Drone  
  84  7:08  Drone  
  84  7:09  Drone x2  
  84  7:12  Overlord  
  87  7:22  Mutalisk x2  
  87  7:23  Mutalisk x2  
  87  7:29  Infestation Pit  
  94  7:37  Overlord  
  94  7:38  Overlord, Mutalisk x3  
  94  7:40  Overlord  
  100  7:45  Zerg Melee Weapons Level 2  
  100  7:50  Baneling x3  
  100  7:51  Zergling x4  
  100  7:52  Zergling x2  
  103  8:02  Zergling x2  
  103  8:03  Zergling x24  
  114  8:07  Baneling x3  
  114  8:08  Zergling x4, Baneling x4  
  116  8:21  Queen  
  112  8:27  Mutalisk x4  
  112  8:29  Zergling x2  
  112  8:30  Zergling x12  
  109  8:45  Zergling x26  
  116  9:09  Baneling x9  
  112  9:10  Baneling x2  
  112  9:11  Zergling x24  
  112  9:16  Queen  
  124  9:18  Mutalisk  
  124  9:19  Mutalisk x3  
  134  9:36  Baneling x9  
  134  9:40  Overlord x2  
  134  9:42  Extractor  
  134  9:44  Extractor  
  134  9:45  Spore Crawler  
  131  9:46  Spine Crawler  
  131  9:50  Mutalisk  
  131  9:51  Mutalisk  
  134  9:53  Overlord  
  135  10:00  Drone x3  
  135  10:01  Mutalisk  
  135  10:02  Mutalisk x3  
  145  10:28  Overlord x3  
  144  10:29  Zergling x22  
  144  10:30  Zergling x6  
  144  10:53  Mutalisk x9  
  144  10:55  Zergling x2  
  144  10:56  Zergling x6  
  162  11:01  Baneling x5  
  162  11:02  Baneling  
  162  11:03  Zergling x4  
  164  11:15  Drone  
  164  11:16  Drone  
  164  11:18  Baneling x11  
  166  11:20  Zergling x12  
  172  11:26  Overlord  
  172  11:36  Hatchery  
  144  11:53  Zergling x4  
  144  11:54  Zergling x38  
  106  12:07  Mutalisk x2  
  106  12:08  Mutalisk x4  
  118  12:15  Mutalisk x3  
  120  12:21  Mutalisk x2  
  108  12:41  Mutalisk  
  108  12:42  Mutalisk x6  
  117  12:49  Hive  
  117  13:12  Drone x3  
  120  13:14  Queen  
  120  13:16  Overlord  
  122  13:25  Zergling x28  
  122  13:26  Zergling x2, Extractor  
  136  13:28  Spine Crawler  
  136  13:30  Spore Crawler, Extractor  
  136  13:32  Drone x4  
  137  13:38  Drone  
  138  13:48  Baneling x13  
  138  13:50  Zergling x14  
  141  14:06  Zergling x28  
  130  14:35  Zergling x32  
  130  14:36  Zergling x4  
  133  14:52  Baneling x8  
Show
View Real Time Build Order
Export as new Build Order

bnyofthevoid Terran 

Build Orders: Reaper Expand 

Get SALT Encoding   

  12  0:00  SCV  
  13  0:13  SCV  
  14  0:17  Supply Depot  
  14  0:25  SCV  
  15  0:38  SCV  
  15  0:39  Barracks  
  16  0:43  Refinery  
  16  0:50  SCV  
  17  1:02  SCV  
  18  1:15  SCV  
  19  1:27  Reaper, Orbital Command  
  20  1:41  Command Center  
  20  1:52  Supply Depot  
  20  1:54  SCV  
  21  2:05  Marine  
  21  2:06  SCV  
  23  2:12  Factory  
  23  2:18  SCV  
  24  2:23  Marine  
  25  2:30  SCV  
  26  2:41  Marine  
  26  2:42  SCV  
  28  2:45  Refinery  
  28  2:54  SCV  
  28  2:56  Starport  
  31  2:58  Widow Mine  
  31  3:00  Barracks Tech Lab  
  31  3:03  Orbital Command  
  30  3:06  Barracks  
  30  3:11  SCV  
  31  3:21  Hellion, Marine  
  31  3:23  SCV  
  35  3:30  SCV  
  35  3:33  Medivac  
  38  3:35  SCV  
  38  3:40  Marine  
  40  3:42  SCV  
  40  3:44  Widow Mine  
  40  3:47  SCV  
  44  3:52  Stimpack  
  44  3:54  SCV, Barracks  
  45  3:59  SCV  
  45  4:00  Refinery  
  45  4:01  Supply Depot  
  46  4:04  Barracks Reactor  
  46  4:08  Supply Depot  
  46  4:22  SCV x2, Marine  
  49  4:29  Factory Tech Lab  
  49  4:30  Starport Reactor  
  49  4:31  Engineering Bay  
  49  4:34  SCV x2  
  51  4:41  Marine  
  51  4:42  Barracks Reactor, Marine  
  53  4:46  SCV x2  
  55  4:54  Marine  
  55  4:59  SCV x2  
  58  5:04  Marine x2  
  60  5:10  Supply Depot  
  60  5:11  SCV x2  
  60  5:13  Supply Depot  
  62  5:16  Terran Infantry Weapons Level 1, Refinery  
  62  5:21  Barracks  
  62  5:31  Combat Shield, Marine x3  
  62  5:32  Medivac, Siege Tank  
  62  5:35  SCV x2, Marine x2  
  74  5:49  Marine x3  
  77  5:53  Marine x2  
  77  5:58  Medivac  
  77  6:06  Command Center  
  77  6:07  Marine  
  77  6:09  Supply Depot x3  
  78  6:11  Barracks Reactor  
  78  6:18  Engineering Bay  
  78  6:30  Medivac, Marine x2, Siege Tank  
  85  6:38  Marine x2  
  85  6:39  Marine  
  88  6:42  Medivac  
  88  6:44  Terran Infantry Armor Level 1  
  88  6:46  Armory  
  90  6:49  Marine x2  
  90  6:50  Marine x2  
  90  6:51  Supply Depot  
  94  7:00  Marine  
  95  7:01  Marine x2  
  95  7:02  Siege Tank  
  100  7:10  Marine x2  
  100  7:12  Marine, Liberator  
  106  7:20  Medivac  
  108  7:24  Marine x3  
  108  7:25  Marine  
  108  7:29  Marine  
  112  7:30  Marine x2  
  112  7:34  Siege Tank  
  118  7:40  Planetary Fortress  
  118  7:45  Marine  
  118  7:46  Marine x3  
  122  7:52  Refinery  
  122  7:55  Refinery  
  122  8:03  Marine x4  
  125  8:24  SCV x2, Marine x2  
  125  8:26  Medivac  
  121  8:27  Marine, Siege Tank  
  125  8:36  Marine  
  125  8:37  Marine  
  125  8:38  Marine x2  
  98  8:42  Marine x2  
  98  8:45  Marine  
  96  8:51  SCV x3  
  96  8:54  Marine x2  
  98  8:56  Marine x2  
  98  8:59  Siege Tank  
  100  9:06  Marine  
  100  9:07  Marine  
  102  9:10  Terran Infantry Armor Level 2  
  102  9:11  Terran Infantry Weapons Level 2  
  102  9:12  Missile Turret  
  102  9:13  Missile Turret  
  102  9:15  Missile Turret  
  102  9:17  Missile Turret  
  102  9:19  Missile Turret  
  102  9:20  SCV x3, Missile Turret x2  
  102  9:22  Missile Turret, Marine x5  
  110  9:29  Marine x2  
  110  9:30  Factory  
  110  9:31  Thor  
  118  9:32  SCV  
  119  9:39  Marine  
  119  9:40  Marine  
  119  9:41  Marine x3  
  119  9:43  Sensor Tower  
  124  9:47  Marine  
  125  9:53  Supply Depot x2  
  125  9:54  Terran Vehicle Weapons Level 1  
  125  10:04  Marine x2  
  125  10:14  Marine x4  
  125  10:15  Widow Mine  
  131  10:25  Marine x3  
  131  10:27  Factory Tech Lab  
  134  10:32  Marine  
  135  10:36  Widow Mine  
  135  10:38  Marine x3  
  140  10:43  Marine  
  134  10:56  Command Center  
  134  10:59  Command Center  
  134  11:08  Supply Depot  
  134  11:09  Supply Depot  
  134  11:27  Supply Depot  
  134  11:30  Marine x7  
  140  11:45  Siege Tank  
  140  11:46  Siege Tank  
  99  11:57  Marine x5  
  99  11:58  Marine x2  
  90  12:07  Medivac  
  92  12:13  Orbital Command x2  
  92  12:15  Marine x2  
  94  12:16  Marauder  
  94  12:17  Siege Tank  
  94  12:19  Terran Infantry Armor Level 3  
  95  12:23  Marine x2  
  93  12:34  Marine  
  93  12:35  Marine  
  84  12:39  Marine x3  
  84  12:40  Marine  
  84  12:43  Medivac x2  
  89  12:49  Marine  
  90  12:52  Marine x2, Siege Tank  
  90  12:56  Marine  
  90  12:58  Siege Tank  
  99  13:06  Orbital Command  
  99  13:13  Marine  
  99  13:14  Marine x5  
  99  13:16  Medivac x2  
  99  13:19  Marine  
  109  13:27  Siege Tank  
  113  13:32  Marine x5  
  113  13:33  Factory  
  113  13:34  Siege Tank  
  121  13:44  Marine  
  121  13:45  Marine  
  123  13:49  Marine  
  124  13:59  Siege Tank  
  124  14:01  Marine x2  
  129  14:06  Marine x4  
  113  14:18  Marine  
  113  14:19  Marine x2  
  113  14:24  Marine x4  
  93  14:27  Factory Tech Lab, Siege Tank  
  98  14:36  Marine x2  
  98  14:37  Marine  
  79  14:41  Marine  
  79  14:42  Marine x3  
  71  14:47  Siege Tank  
  80  14:54  Marine x3  
  80  14:59  Marine x2  
  90  15:00  Marine x2  
Tags
 
Add a new tag
Caveats
  • Supply blocks, unpowered buildings, or Contaminate may cause inaccurate times.
  • Supply counts are checked every 10 seconds.